AoeStats
← Falconz

Arabia

510027651Analyzed
2v2 RM · 4d ago on Sep 29, 2026· 57m 31s· 4 players
Game mode
Random Map
Map size
Medium (4 player)
Population
200
Speed
Normal
Resources
Standard
Victory
Conquest
Starting age
Dark Age
Ending age
Imperial Age
RankedLock teamsTeams togetherTeam positionsShared explorationLock speedFull tech treeHidden civsTurbo modeCheats
Victory
Defeat
🇨🇦 Magyars · Canada
1171
+16
🇺🇸 Mapuche · United States
1164
+16
🇨🇴 Ethiopians · Colombia
1181
-16
🇨🇴 Franks · Colombia
1161
-16
Nhitty
9:07 Feudal Age
11:54 Loom
19:41 Wheelbarrow
19:43 Scale Mail Armor
19:43 Padded Archer Armor
20:43 Scale Barding Armor
23:49 Castle Age
22:48 Bloodlines
28:21 Gold Mining
30:04 Husbandry
31:28 Chain Barding Armor
32:38 Gold Shaft Mining
31:48 Horse Collar
38:31 Hand Cart
47:49 Heavy Plow
47:37 Double-Bit Axe
53:20 Imperial Age
52:14 Hand Cart
54:36 Plate Barding Armor
53:40 Cavalier
56:14 Crop Rotation
Sanzy
6:03 Loom
9:19 Feudal Age
10:06 Double-Bit Axe
12:43 Horse Collar
14:24 Fletching
14:30 Loom
14:56 Arson
16:38 Padded Archer Armor
22:10 Castle Age
21:53 Forging
22:04 Gold Mining
23:46 Gold Shaft Mining
23:53 Bow Saw
24:33 Bodkin Arrow
25:47 Scale Mail Armor
26:08 Heavy Plow
29:16 Leather Archer Armor
30:40 Elite Skirmisher
33:03 Pikeman
35:50 Chain Mail Armor
40:08 Ballistics
42:27 Imperial Age
40:03 Stone Mining
42:21 Iron Casting
43:14 Halberdier
44:37 Masonry
47:16 Elite Bolas Rider
50:27 Ring Archer Armor
50:38 Crop Rotation
51:30 Chemistry
50:36 Malon
57:47 Wheelbarrow
57:49 Town Watch
59:07 Blast Furnace
Hex
7:19 Loom
10:05 Feudal Age
13:35 Fletching
14:32 Double-Bit Axe
15:50 Wheelbarrow
15:42 Padded Archer Armor
21:28 Castle Age
19:22 Horse Collar
20:31 Gold Mining
21:30 Crossbowman
22:07 Bodkin Arrow
22:23 Bow Saw
23:34 Town Watch
26:42 Thumb Ring
28:26 Leather Archer Armor
29:54 Ballistics
37:11 Imperial Age
35:10 Murder Holes
39:30 Arbalester
40:44 Bracer
42:23 Chemistry
44:23 Conscription
46:22 Ring Archer Armor
51:35 Hand Cart
53:45 Siege Engineers
56:35 Onager
Falconz
6:53 Loom
9:55 Feudal Age
15:26 Double-Bit Axe
16:45 Scale Barding Armor
18:12 Forging
24:13 Town Watch
28:09 Castle Age
40:06 Gold Mining
45:07 Fletching
46:54 Chain Barding Armor
Connection lost

Rejoining the realm…

Still unreachable

The connection could not be restored.

Session expired

The server has moved on; the page needs a fresh start.